 Dungeon Crawl Stone Soup version 0.31.0-9-g3a7656b989 (webtiles) character file.

Game seed: 9676385176666812342

50 qw the Shooter (level 3, -10/29 HPs)
             Began as a Demigod Hunter on Feb 2, 2024.
             Mangled by Sigmund
             ... wielding a +0 scythe
              (11 damage)
             ... on level 2 of the Dungeon.
             The game lasted 00:00:05 (1222 turns).

qw the Shooter (Demigod Hunter)                     Turns: 1222, Time: 00:00:05

Health: -10/29     AC:  4    Str: 12    XL:     3   Next: 35%
Magic:  5/5        EV: 12    Int: 11    God:
Gold:   19         SH:  0    Dex: 21    Spells: 2/2 levels left

rFire   . . .        a - +2 shortbow
rCold   . . .        (shield currently unavailable)
rNeg    . . .        c - +0 leather armour
rPois   .            (no helmet)
rElec   .            k - +0 cloak
rCorr   .            (no gloves)
SInv    .            (no boots)
Will    .....        (no amulet)
Stlth   ++           (no ring)
HPRegen 0.24/turn    (no ring)
MPRegen 0.09/turn

%: no passive effects
@: no status effects
A: high MP 1, forlorn, divine attributes
a: no special abilities


You were on level 2 of the Dungeon.
You visited 1 branch of the dungeon, and saw 2 of its levels.

You collected 82 gold pieces.
You spent 63 gold pieces at shops.


Innate Abilities, Weirdness & Mutations

You have an increased reservoir of magic. (+10% MP)
You shall have no god before yourself.
Your divine heritage dramatically boosts your attributes as you level up.


   Skills:
 - Level 2.0 Fighting
 + Level 4.6 Ranged Weapons
 - Level 2.0 Dodging
 - Level 0.8 Stealth


You had 2 spell levels left.
You didn't know any spells.
Your spell library was empty.

Inventory:

Hand Weapons
 a - a +2 shortbow (weapon)
Armour
 c - a +0 leather armour (worn)
 e - the +2 pair of gloves of Hide-and-Seek {Harm MP+9 Str+3 Dex+2}
   (You acquired it on level 1 of the Dungeon)

   Str+3:     It affects your strength (+3).
   Dex+2:     It affects your dexterity (+2).
   MP+9:      It affects your magic capacity (+9).
   Harm:      It increases damage dealt and taken.
 f - a +0 ring mail
 k - a +0 cloak (worn)
Jewellery
 i - a +6 ring of dexterity
Scrolls
 b - a scroll of identify
 h - a scroll of teleportation
Potions
 d - a potion of enlightenment
 g - a potion of heal wounds {unknown}
 j - 2 potions of haste {unknown}

Dungeon Overview and Level Annotations

Branches:
Dungeon (2/15)

Shops:
D:1 ![

Annotations:
D:2 Sigmund


Message History

You shoot an arrow.
The arrow hits Sigmund but does no damage.
Sigmund is moderately wounded.
Sigmund gestures at you while chanting. You resist with some effort.
You shoot an arrow. The arrow hits Sigmund.
Sigmund is heavily wounded.
Sigmund hits you from afar with a +0 scythe.
You shoot an arrow. The arrow closely misses Sigmund.
Sigmund barely misses you.
You shoot an arrow. The arrow closely misses Sigmund.
Sigmund misses you.
You shoot an arrow. The arrow closely misses Sigmund.
Sigmund barely misses you.
You shoot an arrow. The arrow hits Sigmund.
Sigmund is heavily wounded.
You shoot an arrow. The arrow closely misses Sigmund.
Sigmund mumbles some strange words.
Sigmund flickers and vanishes!
Deactivating autopickup; reactivate with Ctrl-A.
You hear some strange, mumbled words.
You are confused.
You shoot an arrow. Something hits you but does no damage.
You shoot an arrow. Something hits you!
You shoot an arrow. You shoot an arrow.
A magic dart appears from out of thin air!
The magic dart hits you.
You shoot an arrow.
You feel less confused. Something barely misses you.
You shoot an arrow. Something hits you.
You shoot an arrow. Something hits you!
You shoot an arrow. Something hits you!
You die...

#<.....#8.........8#.....%.#
##...#.##.........##.......#
#..%#..##8.....8##........#
##.).#...##.....##.........#
#.........##8.8##..........#
#..........##+###...........
#......##.....# ##...#####..
#......##....## #...# #..
#......##..@.# #... ....
#......##....# #. ....).
#......##....{. .......
#......##........ .....##
#......##........# .....
.........# ......#####
.......#


There were no monsters in sight!

Vanquished Creatures
  A dart slug (D:2)
  3 ball pythons
  2 endoplasms (D:1)
  2 giant cockroaches (D:1)
  6 goblins
  4 hobgoblins
  6 jackals
  2 quokkas (D:1)
  6 bats
  4 frilled lizards
  3 kobolds (D:1)
  A rat (D:1)
40 creatures vanquished.

Notes
Turn   | Place    | Note
-------+----------+-------------------------------------------
     0 | D:1      | qw the Demigod Hunter began the quest for the Orb.
     0 | D:1      | Reached XP level 1. HP: 17/17 MP: 3/3
     0 | D:1      | 0 ||| qw: Version: 0.3-a-155-g5e7d8dd
     0 | D:1      | 0 ||| qw: Game counter: 332
     0 | D:1      | 0 ||| qw: Melee chars always use a shield: true
     0 | D:1      | 0 ||| qw: God list: Okawaru
     0 | D:1      | 0 ||| qw: Allow faded altars: false
     0 | D:1      | 0 ||| qw: Do Orc after clearing Dungeon:15 true
     0 | D:1      | 0 ||| qw: Do second Lair branch before Depths: true
     0 | D:1      | 0 ||| qw: Lair rune preference: random
     0 | D:1      | 0 ||| qw: Goals: Normal
     0 | D:1      | 0 ||| PLANNING D:1-11
    65 | D:1      | Found Wuane's Distillery.
    78 | D:1      | Reached skill level 4 in Ranged Weapons
    84 | D:1      | 84 ||| SHOPLISTING 2 potions of mutation (208 gold, have
                  | 11).
    84 | D:1      | 84 ||| SHOPLISTING potion of enlightenment (65 gold, have
                  | 11).
    84 | D:1      | 84 ||| SHOPLISTING potion of haste (130 gold, have 11).
    84 | D:1      | 84 ||| SHOPLISTING potion of might (52 gold, have 11).
   162 | D:1      | Reached XP level 2. HP: 24/24 MP: 4/4
   515 | D:1      | Found Ifas's Armour Shop.
   524 | D:1      | 524 ||| BUYING +0 cloak (63 gold).
   524 | D:1      | Bought a +0 cloak for 63 gold pieces
   524 | D:1      | 524 ||| SHOPLISTING +0 pair of gloves (63 gold, have 14).
   524 | D:1      | 524 ||| SHOPLISTING +0 ring mail (56 gold, have 14).
   524 | D:1      | 524 ||| SHOPLISTING +5 ring mail of the Hecatoncheires
                  | {-Cast rElec rF+} (602 gold, have 14).
   833 | D:1      | 833 ||| UPGRADING to +0 cloak.
   838 | D:1      | 838 ||| READING scroll labelled FELARO HIGGI.
   838 | D:1      | 838 ||| IDENTIFYING amethyst potion
   839 | D:1      | 839 ||| READING scroll labelled JEITRE UQUIMP.
   839 | D:1      | Identified a scroll of acquirement
   839 | D:1      | 839 ||| ACQUIRING +2 pair of gloves of Hide-and-Seek {Harm
                  | MP+9 Str+3 Dex+2}
   839 | D:1      | Acquired the +2 pair of gloves of Hide-and-Seek {Harm MP+9
                  | Str+3 Dex+2}
   841 | D:1      | 841 ||| READING 2 scrolls labelled BOTOTHECOEG.
   846 | D:1      | 846 ||| READING scroll labelled VOSOCI ZEMO.
   846 | D:1      | 846 ||| ENCHANTING +0 shortbow.
   847 | D:1      | 847 ||| READING 3 scrolls labelled VIAXUXTOITU.
   948 | D:1      | 948 ||| DROPPING scroll of butterflies.
   949 | D:1      | 949 ||| DROPPING 2 scrolls of vulnerability.
   988 | D:2      | 988 ||| READING scroll of enchant weapon.
   988 | D:2      | 988 ||| ENCHANTING +1 shortbow.
  1027 | D:2      | Reached XP level 3. HP: 29/29 MP: 5/5
  1205 | D:2      | Noticed Sigmund
  1221 | D:2      | HP: 1/29 [something (9)]
  1222 | D:2      | Mangled by Sigmund

Levels and vault maps discovered:
D:1:      minmay_arrival_stone_box, layout_basic, serial_shops,
          nicolae_shop_hallway_plus, nicolae_square_shop
D:2:      layout_basic, basic_altar, hangedman_decor_points, dk_noncrumbling_4,
          small_statue_intersection, uniq_sigmund

Skill      XL: |  1  2  3 |
---------------+----------+-----
Ranged Weapons | 4 |  4.6
Fighting       | 2 |  2.0
Dodging        | 2 |  2.0
Stealth        | |  0.8

Action                     || total
---------------------------++-------
   Fire: Shortbow          ||   129
    Use: Scroll            ||     6
 Armour: Leather armour    ||    26
  Dodge: Dodged            ||    32

Table legend:
 A = Non-vault XP
 B = Vault XP
 C = Vault XP percentage of total XP
 D = Non-vault monster count
 E = Vault monster count
 F = Vault count percentage of total count
                 A         B        C        D         E       F
            +---------+---------+-------+---------+---------+-------
      Total |      72 |       0 |   0.0 |      40 |       0 |   0.0
            +---------+---------+-------+---------+---------+-------
        D:1 |      45 |       0 |   0.0 |      26 |       0 |   0.0
        D:2 |      27 |       0 |   0.0 |      14 |       0 |   0.0
            +---------+---------+-------+---------+---------+-------
